 Dungeon Crawl Stone Soup version 0.29.1-2-gbd0b4ee654 (webtiles) character file.

Game seed: 14474327513611487903

41 GorkyZ the Stinger (level 3, 0/19 HPs)
             Began as a Gargoyle Venom Mage on Nov 23, 2022.
             Slain by a worm (8 damage)
             ... on level 3 of the Dungeon.
             The game lasted 00:06:22 (1848 turns).

GorkyZ the Stinger (Gargoyle Venom Mage)            Turns: 1848, Time: 00:06:22

Health: 0/19       AC:  6    Str: 11    XL:     3   Next: 52%
Magic:  15/15      EV: 12    Int: 17    God:
Gold:   116        SH:  0    Dex: 16    Spells: 5/6 levels left

rFire   . . .      SeeInvis .   j - +0 spear
rCold   . . .      Faith    .   (no shield)
rNeg    + . .      Spirit   .   h - +0 leather armour
rPois   ∞          Reflect  .   (no helmet)
rElec   +          Harm     .   (no cloak)
rCorr   .          Rampage  .   (no gloves)
Will    .....                   (no boots)
Stlth   ++........              (no amulet)
HPRegen 0.06/turn               c - +6 ring of dexterity
MPRegen 0.14/turn               i - ring of magical power

@: no status effects
A: sickness immunity, AC +3, negative energy resistance 1, electricity
resistance, torment resistance 1, petrification resistance
a: no special abilities


You were on level 3 of the Dungeon.
You visited 1 branch of the dungeon, and saw 3 of its levels.

You collected 116 gold pieces.

Inventory:

Hand Weapons
 g - a +0 short sword
 j - a +0 spear (weapon)
Armour
 a - a +0 robe
 d - a +0 scale mail
 h - a +0 leather armour (worn)
 m - a +0 leather armour
Jewellery
 c - a +6 ring of dexterity (left hand)
 i - a ring of magical power (right hand)
 o - an amulet of reflection
Scrolls
 e - a scroll of brand weapon {unknown}
 p - 2 scrolls of teleportation {unknown}
 q - a scroll of vulnerability {unknown}
 r - a scroll of fear {unknown}
Potions
 b - a potion of magic
 f - 2 potions of berserk rage {unknown}
 k - a potion of heal wounds {unknown}
 l - a potion of brilliance {unknown}
 n - a potion of degeneration {unknown}


   Skills:
 + Level 1.0 Armour
 + Level 1.9 Dodging
 - Level 2.1 Stealth
 + Level 0.9 Shields
 + Level 2.2 Spellcasting
 + Level 1.2 Transmutations
 + Level 0.5 Air Magic
 + Level 3.1 Poison Magic


You had 5 spell levels left.
You knew the following spells:

 Your Spells              Type           Power      Damage    Failure   Level
a - Sting                 Tmut/Pois      36%        1d4       10%         1

Your spell library contained the following spells:

 Spells                   Type           Power      Damage    Failure   Level
 Poisonous Vapours        Pois/Air       16%        N/A       17%         2
 Mephitic Cloud           Conj/Pois/Air  6%         N/A       41%         3
 Olgreb's Toxic Radiance  Pois           12%        N/A       56%         4
 Frozen Ramparts          Ice            2%         1d1       58%         3
 Ice Form                 Ice/Tmut       4%         N/A       88%         4
 Summon Ice Beast         Ice/Summ       1%         N/A       94%         4


Dungeon Overview and Level Annotations

Branches:
Dungeon (3/15)

Altars:

Shops:
D:2 (?

Annotations:
D:3 1 transporter


Innate Abilities, Weirdness & Mutations

You are immune to sickness and miasma.
Your stone body is resilient. (AC +3)
You are immune to poison.
You resist negative energy. (rN+)
You are resistant to electric shocks. (rElec)
You are resistant to unholy torment.
You are immune to petrification.


Message History

No target in view!
No target in view!
No target in view!
No target in view!
No target in view!
No target in view!
No target in view!
No target in view!
No target in view!
No target in view!
No target in view!
No target in view!
No target in view!
No target in view!
No target in view!
Found a dagger.
You now have 116 gold pieces (gained 8).
The adder hisses angrily.
You hear a shout!
A worm comes into view.
An adder comes into view.
Found a transporter.
There are monsters nearby!
Unknown command.
There are monsters nearby!
Found an escape hatch in the floor.
You hit the worm but do no damage.
The adder hisses angrily.
You hit the worm.
The worm is lightly wounded.
The worm bites you but does no damage.
You hit the worm.
The worm is moderately wounded.
The worm bites you!
You completely miss the worm.
The worm is moderately wounded.
The adder bites you. The adder closely misses you.
You hit the worm.
The worm is moderately wounded.
The adder bites you. The worm bites you!
You die... #............... #....†.###....#. ####...........<.# ###.......#.###.#### ................. ##..#..?.....#. 8##.#........# gS#

#........####..
#.#...#....@.......
O#...+....Sw......
©#...#............
.#.#....####......
.#....### ......
.##. ....>. # .....
####.


You could see a worm and an adder.

Vanquished Creatures
  A worm (D:2)
  2 dart slugs (D:1)
  5 ball pythons
  5 bats
  2 endoplasms
  5 goblins (D:2)
  4 hobgoblins
  3 kobolds
  4 rats
31 creatures vanquished.

Notes
Turn   | Place    | Note
-------+----------+-------------------------------------------
     0 | D:1      | GorkyZ the Gargoyle Venom Mage began the quest for the Orb.
     0 | D:1      | Reached XP level 1. HP: 10/10 MP: 3/3
    69 | D:1      | Found a faded altar of an unknown god.
   308 | D:1      | Reached XP level 2. HP: 15/15 MP: 3/5
   395 | D:1      | Reached skill level 1 in Transmutations
  1030 | D:2      | Found Fenledistro's Magic Scroll Emporium.
  1085 | D:2      | Reached XP level 3. HP: 6/19 MP: 6/6
  1611 | D:2      | Found Okubb's Weapon Emporium.
  1823 | D:3      | Reached skill level 1 in Armour
  1840 | D:3      | Found a transporter.
  1840 | D:3      | Noticed an ogre
  1848 | D:3      | Slain by a worm

Illustrated notes

Levels and vault maps discovered:
D:1:      dpeg_arrival_tiny_a, layout_basic,
          shapermc_ecumenical_altar_notcrosses, minmay_stone_trees_small
D:2:      layout_basic, serial_shops, nicolae_shop_hallway_stairs, shop
D:3:      layout_basic, gammafunk_temple_overflow_arena, tgw_fedhas,
          gammafunk_ghost_necromancy, uniq_grinder, uniq_jessica

Skill      XL: |  1  2  3 |
---------------+----------+-----
Transmutations | 1 |  1.2
Armour         | 1 |  1.0
Dodging        | |  1.9
Stealth        | |  2.1
Shields        | |  0.9
Spellcasting   | |  2.2
Air Magic      | |  0.5
Poison Magic   | |  3.1

Action                   || total
-------------------------++-------
Melee: Unarmed           ||     4
       Short sword       ||    37
       Spear             ||    60
 Cast: Sting             ||     7
 Stab: Sleeping          ||     5
Armor: Robe              ||     5
       Scale mail        ||    24
       Leather armour    ||    13
Dodge: Dodged            ||    53
